 Dungeon Crawl Stone Soup version 0.29.1-2-gbd0b4ee654 (webtiles) character file.

Game seed: 2125652110962616403

821163 Orthodox the Conqueror (level 27, -1/199 HPs)
             Began as a Gargoyle Berserker on Oct 25, 2022.
             Was the Champion of Zin.
             Blown up by a lich (117 damage)
             ... with an orb of destruction
             ... on level 1 of the Tomb of the Ancients on Oct 27, 2022.
             The game lasted 05:48:09 (98671 turns).

Orthodox the Conqueror (Gargoyle Berserker)        Turns: 98671, Time: 05:48:09

Health: -1/199     AC: 72    Str: 28      XL:     27
Magic:  13/13      EV: 23    Int: 10 (11) God:    Zin [******]
Gold:   7952       SH:  5    Dex: 20      Spells: 26/26 levels left

rFire   + + +      SeeInvis .   a - +9 executioner's axe (antimagic)
rCold   + + +      Faith    .   (shield currently unavailable)
rNeg    + + +      Spirit   .   S - +12 gold dragon scales
rPois   ∞          Reflect  +   M - +1 helmet "Raomet" {rPois rF+ rC+}
rElec   +          Harm     .   F - +1 cloak {Will+}
rCorr   .          Rampage  .   s - +0 pair of fencer's gloves {Riposte Dex+3}
Will    ++++.                   c - +2 pair of boots
Stlth   ..........              m - amulet "Gyerheta" {Reflect Int+2 SH+5}
HPRegen 0.43/turn               q - ring "Googituu" {rF++ rC- Will+ Dex+6}
MPRegen 0.13/turn               x - ring "Xuefek" {rC++ rN++ EV+4 Dex-4}

@: flying
A: sickness immunity, AC +20, big wings, negative energy resistance 1,
electricity resistance, torment resistance 1, petrification resistance
}: 6/15 runes: serpentine, barnacled, slimy, silver, bone, abyssal
a: Renounce Religion, Recite, Vitalisation, Imprison, Sanctuary, Donate Gold


You were on level 1 of the Tomb of the Ancients.
You worshipped Zin.
Zin was exalted by your worship.
You visited 17 branches of the dungeon, and saw 70 of its levels.
You visited the Abyss 1 time.
You also visited: Bailey, Gauntlet and Wizlab.

You collected 11927 gold pieces.
You spent 3803 gold pieces at shops.
You donated 172 gold pieces to Zin.

Inventory:

Hand Weapons
 a - a +9 antimagic executioner's axe (weapon)
 r - the +8 broad axe "Xafifig" {speed, rN+ Int+3 Dex+2}
   (You found it on level 5 of the Pits of Slime)

   Attacks with this weapon are significantly faster.
   Int:       It affects your intelligence (+3).
   Dex:       It affects your dexterity (+2).
   rN:        It protects you from negative energy.
 J - a +2 executioner's axe of flaming
 X - a +9 executioner's axe of holy wrath
Missiles
 H - 5 throwing nets
 Y - 8 boomerangs of dispersal
 Z - 13 silver javelins (quivered)
Armour
 c - a +2 pair of boots (worn)
 s - the +0 pair of fencer's gloves (worn) {Riposte Dex+3}
   (You bought it in a shop on level 2 of the Orcish Mines)

   It allows the wearer to riposte with melee weapons, swiftly retaliating
   against missed or blocked melee attacks.
   Dex:       It affects your dexterity (+3).
 t - the +3 crown of Dyrovepreva {rElec Int+2 SInv}
   (You bought it in a shop on level 2 of the Orcish Mines)

   Int:       It affects your intelligence (+2).
   rElec:     It insulates you from electricity.
   SInv:      It lets you see invisible.
 F - a +1 cloak of willpower (worn)
 M - the +1 helmet "Raomet" (worn) {rPois rF+ rC+}
   (You found it on level 12 of the Dungeon)

   rF:        It protects you from fire.
   rC:        It protects you from cold.
   rPois:     It protects you from poison.
 O - the +6 scale mail of Limited Liability {Slay+5}
   (You found it on level 2 of the Lair of Beasts)

   Slay:      It affects your accuracy & damage with ranged weapons and melee
   (+5).
 S - +12 gold dragon scales (worn)
Jewellery
 b - a ring of protection from fire
 f - the ring "Zepluel" {Fly rN+ rCorr Slay+2}
   (You found it on level 3 of the Crypt)

   [ring of positive energy]

   Slay:      It affects your accuracy & damage with ranged weapons and melee
   (+2).
   rN:        It protects you from negative energy.
   Fly:       It grants you flight.
   rCorr:     It protects you from acid and corrosion.
 i - the ring "Qaufenot" {+Blink rN+ Will+ Dex+2}
   (You found it on level 3 of the Crypt)

   [ring of positive energy]

   Dex:       It affects your dexterity (+2).
   rN:        It protects you from negative energy.
   +Blink:    It lets you blink.
   Will:      It increases your willpower.
 k - the ring of Packauhio {Fire Fly Will+ Dex+3}
   (You found it on level 5 of the Pits of Slime)

   [ring of fire]

   It enhances your fire magic.
   Dex:       It affects your dexterity (+3).
   rF:        It protects you from fire.
   rC:        It makes you vulnerable to cold.
   Fly:       It grants you flight.
   Will:      It increases your willpower.
 m - the amulet "Gyerheta" (around neck) {Reflect Int+2 SH+5}
   (You took it off a vault guard on level 5 of the Vaults)

   [amulet of reflection]

   It reflects blocked missile attacks.
   Int:       It affects your intelligence (+2).
   SH:        It affects your SH (+5).
 q - the ring "Googituu" (left hand) {rF++ rC- Will+ Dex+6}
   (You took it off a vampire knight on level 1 of the Depths)

   [ring of dexterity]

   Dex:       It affects your dexterity (+6).
   rF:        It greatly protects you from fire.
   rC:        It makes you vulnerable to cold.
   Will:      It increases your willpower.
 u - the ring of Xom's Righteous Anger {rElec rN+}
   (You found it on level 3 of the Crypt)

   [ring of positive energy]

   rElec:     It insulates you from electricity.
   rN:        It protects you from negative energy.
 x - the ring "Xuefek" (right hand) {rC++ rN++ EV+4 Dex-4}
   (You took it off a frost giant on level 5 of the Vaults)

   [ring of evasion]

   EV:        It affects your evasion (+4).
   Dex:       It affects your dexterity (-4).
   rC:        It greatly protects you from cold.
   rN:        It greatly protects you from negative energy.
 y - the ring of Psychosis {rPois Will- MP+9 Int+8 SInv}
   (You found it on level 7 of Tartarus)

   [ring of see invisible]

   Int:       It affects your intelligence (+8).
   rPois:     It protects you from poison.
   MP:        It affects your magic capacity (+9).
   SInv:      It lets you see invisible.
   Will:      It decreases your willpower.
 z - the ring of Paranoia {rC++ Str+6 Int+4 Stlth-}
   (You took it off a deep elf annihilator on level 3 of the Elven Halls)

   [ring of strength]

   Str:       It affects your strength (+6).
   Int:       It affects your intelligence (+4).
   rC:        It greatly protects you from cold.
   Stlth:     It makes you less stealthy.
 A - the ring "Qaefug" {rC+ rN+ rCorr Dex+3}
   (You found it on level 3 of the Elven Halls)

   [ring of protection from cold]

   Dex:       It affects your dexterity (+3).
   rC:        It protects you from cold.
   rN:        It protects you from negative energy.
   rCorr:     It protects you from acid and corrosion.
 G - the amulet "Hopno" {RegenMP rElec MP+9 Dex+4 Stlth+}
   (You found it on level 7 of Tartarus)

   [amulet of magic regeneration]

   It increases your rate of magic regeneration.
   Dex:       It affects your dexterity (+4).
   rElec:     It insulates you from electricity.
   MP:        It affects your magic capacity (+9).
   Stlth:     It makes you more stealthy.
Wands
 v - a wand of acid (26)
 w - a wand of roots (34)
 W - a wand of digging (1)
Scrolls
 d - 5 scrolls of fog
 j - 11 scrolls of silence
 n - a scroll of enchant armour
 B - 3 scrolls of blinking
 C - 2 scrolls of brand weapon
 D - 4 scrolls of fear
 E - a scroll of enchant weapon
 I - 5 scrolls of magic mapping
 N - 2 scrolls of summoning
 Q - 13 scrolls of teleportation
Potions
 e - 3 potions of invisibility
 g - 7 potions of might
 h - 28 potions of curing
 l - 12 potions of cancellation
 o - 5 potions of haste
 p - 12 potions of mutation
 K - 3 potions of resistance
 L - 16 potions of heal wounds


   Skills:
 O Level 27 Fighting
 O Level 27 Axes
 + Level 26.9 Armour
 - Level 20.5 Dodging
 - Level 4.0 Shields
 O Level 27 Invocations


You had 26 spell levels left.
You didn't know any spells.
Your spell library contained the following spells:

 Spells                   Type           Power      Damage    Failure   Level
 Foxfire                  Conj/Fire      0%         2x1d4     92%         1
 Blink                    Tloc           0%         N/A       98%         2
 Poisonous Vapours        Pois/Air       0%         N/A       98%         2
 Searing Ray              Conj           0%         2d4       98%         2
 Static Discharge         Conj/Air       0%         3-3/arc   98%         2
 Call Canine Familiar     Summ           0%         N/A       100%        3
 Conjure Flame            Conj/Fire      0%         6-21      100%        3
 Dazzling Flash           Conj/Hex       0%         N/A       100%        3
 Frozen Ramparts          Ice            0%         1d1       100%        3
 Gell's Gravitas          Tloc           0%         N/A       100%        3
 Ignite Poison            Fire/Tmut/Pois 0%         N/A       100%        3
 Inner Flame              Hex/Fire       0%         N/A       100%        3
 Lesser Beckoning         Tloc           0%         N/A       100%        3
 Mephitic Cloud           Conj/Pois/Air  0%         N/A       100%        3
 Ozocubu's Armour         Ice            0%         N/A       100%        3
 Portal Projectile        Hex/Tloc       0%         N/A       100%        3
 Teleport Other           Tloc           0%         N/A       100%        3
 Animate Dead             Necr           0%         N/A       100%        4
 Corpse Rot               Necr/Pois/Air  0%         N/A       100%        4
 Flame Wave               Conj/Fire      0%         2d4       100%        4
 Hailstorm                Conj/Ice       0%         3d3       100%        4
 Ice Form                 Ice/Tmut       0%         N/A       100%        4
 Iskenderun's Mystic Bla  Conj/Tloc      0%         2d3       100%        4
 Leda's Liquefaction      Hex/Erth       0%         N/A       100%        4
 Sticky Flame             Conj/Fire      0%         2d3       100%        4
 Summon Ice Beast         Ice/Summ       0%         N/A       100%        4
 Alistair's Intoxication  Tmut/Pois      0%         N/A       100%        5
 Borgnjor's Vile Clutch   Necr/Erth      0%         N/A       100%        5
 Freezing Cloud           Conj/Ice/Air   0%         6-21      100%        5
 Iskenderun's Battlesphe  Conj           0%         2d6       100%        5
 Lightning Bolt           Conj/Air       0%         1d11      100%        5
 Manifold Assault         Tloc           0%         N/A       100%        5
 Metabolic Englaciation   Hex/Ice        0%         N/A       100%        5
 Summon Forest            Summ/Tloc      0%         N/A       100%        5
 Summon Mana Viper        Hex/Summ       0%         N/A       100%        5
 Dispersal                Tloc           0%         N/A       100%        6
 Eringya's Noxious Bog    Tmut/Pois      0%         N/A       100%        6
 Simulacrum               Ice/Necr       0%         N/A       100%        6
 Starburst                Conj/Fire      0%         6d3       100%        6
 Summon Cactus Giant      Summ           0%         N/A       100%        6
 Haunt                    Necr/Summ      0%         N/A       100%        7
 Monstrous Menagerie      Summ           0%         N/A       100%        7
 Infestation              Necr           0%         N/A       100%        8
 Maxwell's Capacitive Co  Air            0%         ∞         100%        8


Dungeon Overview and Level Annotations

Branches:
Dungeon (15/15)            Temple (0/1) D:5            Lair (5/5) D:9
 Shoals (4/4) Lair:2        Snake (4/4) Lair:3        Slime (5/5) Lair:5
    Orc (2/2) D:11            Elf (3/3) Orc:2        Vaults (5/5) D:14
  Crypt (3/3) Vaults:3       Tomb (1/3) Crypt:3      Depths (4/4) D:15
   Hell (visited)             Dis (1/7) Hell            Geh (1/7) Hell
    Coc (4/7) Hell            Tar (7/7) Hell            Zot (5/5) Depths:4
 Bailey (visited)          WizLab (visited)         Gauntlet (visited)

Altars:
Ashenzari
Dithmenos
Elyvilon
Hepliaklqana
Kikubaaqudgha
Nemelex Xobeh
Qazlal
Ru
Trog
Vehumet
Wu Jian
Xom
Zin
The Shining One
Jiyva

Shops:
D:5 (   D:6 (   D:11 [   Orc:2 [*(=   Snake:2 (   Snake:3 =:=   Snake:4 **
Vaults:1 [   Vaults:5 !

Portals:
Hell: Depths:1 Depths:2 Depths:3 Depths:4
Abyss: Depths:3 Depths:4
Pandemonium: Depths:2
Ziggurat: Depths:3

Annotations:
D:7 exclusion: downstairs
Depths:3 exclusions: great orb of eyes and shining eye
Zot:1 8 runed translucent doors
Zot:4 2 transporters
Zot:5 6 transporters


Innate Abilities, Weirdness & Mutations

You are immune to sickness and miasma.
Your stone body is resilient. (AC +20)
You are immune to poison.
Your large and strong wings let you fly.
You resist negative energy. (rN+)
You are resistant to electric shocks. (rElec)
You are resistant to unholy torment.
You are immune to petrification.


Message History

The emperor scorpion claws you but does no damage.
The emperor scorpion completely misses you.
The royal mummy completely misses you.
You riposte.
You slice the royal mummy!!
The royal mummy's magic leaks into the air.
The royal mummy is heavily damaged.
You slash the emperor scorpion! You hit the emperor scorpion.
You slice the emperor scorpion!! You slash the emperor scorpion!
The emperor scorpion completely misses you.
The emperor scorpion claws you but does no damage.
The emperor scorpion completely misses you.
You slice the royal mummy!!
The royal mummy's magic leaks into the air.
The royal mummy is heavily damaged.
You slash the emperor scorpion! You barely miss the emperor scorpion.
You slice the emperor scorpion!! You hit the emperor scorpion.
The emperor scorpion enters a dispersal trap!
The emperor scorpion blinks! x3; The royal mummy blinks!
The emperor scorpion blinks! x4; The naga warrior zombie blinks!
The emperor scorpion blinks!
The flayed ghost blinks!
The mummy priest blinks!
The freezing wraith blinks!
The flayed ghost blinks!
The guardian mummy blinks!
The emperor scorpion blinks!
You blink.
The emperor scorpion blinks!
The royal mummy falters for a moment.
Blink to where?
Press: ? - help, Dir - move target
As you read the scroll of blinking, it crumbles to dust.
You hear some strange, mumbled words.
A bolt of cold appears from out of thin air!
The bolt of cold hits you but does no damage.
A mummy comes into view.
You hear some strange, mumbled words.
Something conjures a glowing orb.
An orb of destruction comes into view.
Something tries to affect you, but you resist.
The orb of destruction hits the mummy!!!
The mummy is blown up!
Something conjures a glowing orb.
An orb of destruction comes into view.
The orb of destruction hits you!!!!
Ouch! That really hurt!
You die...

#..........# #..........#
#..........# #..........#
#.........[# #..........#
#..........# #..........#
#@.........#
################☼.........#
..○○....○°.s○○°☼..........#
..........s...............#
..........s......:........#
..........................#
..........÷...............#
.......÷..÷...............#
.....?....................#


There were no monsters in sight!

Vanquished Creatures
  the Royal Jelly (Slime:5)
  Ereshkigal (Tar:7)
  8 orbs of fire
  8 dread liches
  Mara (Shoals:3)
  7 ancient liches
  Margery (Crypt:2)
  Parghit (Zot:3)
  12 Killer Klowns
  Saint Roka (Vaults:5)
  Nikola (Elf:2)
  6 curse toes
  Geryon (Hell)
  26 profane servitors
  9 golden dragons
  The ghost of quakins the Warrior, an adept TrTm of Okawaru (Vaults:1)
  18 bone dragons
  16 Tzitzimimeh
  11 doom hounds
  23 tainted leviathans
  10 tentacled monstrosities
  A walking crystal tome (Depths:3)
  4 Ice Fiends
  3 electric golems
  The ghost of miserystealer the Warrior, an adept MiFi of Okawaru (Depths:1)
  25 Orb Guardians (Zot:5)
  2 spectral shard shrikes
  4 deep elf blademasters
  Zenata (Crypt:2)
  11 liches
  2 quicksilver dragons
  10 titans
  2 deep elf master archers (Elf:3)
  The ghost of Kare Xaoge the Bludgeoner, an adept DgTm (Vaults:1)
  A walking divine tome (Depths:4)
  12 ancient champions
  25 acid blobs
  Asterion (Elf:2)
  11 sphinxes
  Polyphemus (Shoals:3)
  7 death cobs
  Murray (Depths:1)
  7 tentacled starspawn
  7 tengu reavers
  11 storm dragons
  9 fire giants
  11 shadow dragons
  A thorn hunter (Abyss:4)
  Donald (Orc:1)
  9 revenants
  A nagaraja (Snake:2)
  10 azure jellies
  Ilsuiw (Shoals:3)
  3 narguns
  14 rockslimes
  4 draconian monks
  8 draconian scorchers
  15 vault wardens
  6 iron dragons
  14 frost giants
  6 deep elf sorcerers
  A ghost moth (Zot:1)
  A cacodemon (Hell)
  8 draconian knights
  A shard shrike simulacrum (Coc:1)
  A quicksilver elemental (Dis:1)
  Louise (Shoals:4)
  6 draconian stormcallers
  An orc warlord (Orc:2)
  3 spriggan defenders
  8 draconian shifters
  10 ghouls
  5 balrugs
  5 curse skulls
  4 deep elf elementalists (Elf:3)
  18 ironbound preservers
  12 quicksilver oozes
  7 war gargoyles
  6 draconian annihilators
  10 reapers
  8 vampire knights
  3 ironbound thunderhulks
  24 very ugly things
  34 stone giants
  11 green draconians
  A lorocyproca (Hell)
  5 elemental wellsprings
  An ophan (Abyss:2)
  20 purple draconians
  3 wendigos
  36 putrid mouths
  10 dire elephants
  5 black draconians
  2 entropy weavers (Vaults:4)
  7 deep elf annihilators (Elf:3)
  5 deep elf demonologists
  A minotaur (Gauntlet)
  17 yellow draconians
  6 red draconians
  12 white draconians
  9 deep elf death magi
  2 spark wasps
  4 merfolk javelineers (Shoals:4)
  Snorg (D:13)
  7 eidola
  3 spectral spriggans (Tar:2)
  2 deep elf high priests (Elf:3)
  A blizzard demon (Depths:2)
  A green death (Hell)
  A crystal guardian (Vaults:1)
  13 merfolk impalers
  23 ettins
  16 fire dragons
  6 jiangshi
  9 statues (WizLab)
  Josephine (D:11)
  A quicksilver dragon zombie (Hell)
  2 spectral krakens (Tar:7)
  A hell beast (Depths:2)
  16 yaktaur captains
  6 rakshasas
  7 hydras
  A caustic shrike simulacrum (Coc:2)
  12 ice dragons
  11 great orbs of eyes
  2 peacekeepers
  2 boulder beetles
  A spriggan zombie (Hell)
  An ogre mage (Vaults:1)
  3 salamander tyrants
  4 death knights
  A merfolk avatar (Shoals:4)
  5 naga warriors
  28 vault guards
  3 spriggan skeletons
  4 catoblepae
  8 two-headed ogres
  6 merfolk aquamancers (Shoals:4)
  A ghost crab (Gauntlet)
  3 juggernaut simulacra
  5 spriggan air magi
  A quicksilver dragon skeleton (Crypt:2)
  12 anacondas
  8 ironbound frosthearts
  2 alligator snapping turtles (Shoals:4)
  16 centaur warriors
  10 deep troll earth magi
  2 satyrs
  An azure jelly zombie (Crypt:1)
  18 death yaks
  29 dancing weapons
  Erica (D:9)
  A spectral stone giant (Tar:2)
  8 tengu warriors
  8 vampire magi
  8 deep troll shamans
  Urug (D:14)
  19 hell hogs
  10 naga sharpshooters
  8 thrashing horrors
  13 hell knights
  5 orc high priests
  6 soul eaters
  24 deep elf knights
  Nergalle (D:12)
  8 spriggan berserkers
  9 shock serpents
  2 sixfirhies
  8 iron trolls
  A storm dragon zombie (Crypt:1)
  9 sun demons (Hell)
  2 shadow wraiths
  6 salamander mystics
  2 fire crabs (Shoals:3)
  A spectral anaconda (Tar:6)
  A spectral bunyip (Tar:1)
  13 sea snakes
  26 skeletal warriors
  2 wretched stars (Abyss:2)
  A spatial maelstrom (Abyss:4)
  60 deep trolls
  3 naga ritualists
  15 deep elf archers
  A bunyip skeleton (Crypt:3)
  6 starcursed masses (Abyss:2)
  3 bog bodies (Crypt:3)
  14 ironbound convokers
  4 flayed ghosts
  5 glowing orange brains
  6 lindwurms
  A quicksilver dragon simulacrum (Coc:1)
  15 harpies
  A golden dragon skeleton (Crypt:2)
  13 phantasmal warriors
  3 spriggan simulacra
  13 necromancers
  7 orc knights
  5 wizards
  27 deep elf pyromancers
  A tengu skeleton (Crypt:2)
  25 deep elf zephyrmancers
  A stone giant zombie (Crypt:3)
  7 shining eyes
  11 mana vipers
  18 salamanders
  7 orc sorcerers
  3 oklob plants (Zot:2)
  14 manticores
  3 spectral ettins
  31 ugly things
  6 worldbinders
  10 fauns
  8 merfolk sirens
  23 moths of wrath
  8 guardian serpents
  35 cyclopes
  2 eyes of devastation (Depths:1)
  23 vault sentinels
  4 molten gargoyles (Hell)
  A stone giant skeleton (Crypt:3)
  A torpor snail (Lair:2)
  10 water nymphs
  27 black mambas
  2 titan simulacra (Coc:2)
  14 elephants
  9 smoke demons
  5 rust devils
  12 naga magi
  2 orange demons
  11 spectral swamp worms (Tar:7)
  6 cane toads
  2 storm dragon simulacra
  3 rime drakes
  A cane toad (shapeshifter) (Vaults:1)
  2 gargoyles
  A human zombie (Vaults:1)
  16 tormentors
  9 komodo dragons
  8 freezing wraiths
  A yaktaur (shapeshifter) (D:15)
  2 centaur skeletons (Crypt:2)
  14 hellions
  A red draconian zombie (Crypt:3)
  An unseen horror (Depths:3)
  37 yaktaurs
  4 anaconda simulacra
  A bunyip simulacrum (Coc:2)
  4 spectral nagas
  22 tengu conjurers
  A kobold demonologist (D:11)
  3 ice devils
  A red devil (Hell)
  5 ancient zymes (Abyss:2)
  4 hellwings (Abyss:2)
  25 trolls
  An alligator snapping turtle skeleton (Crypt:3)
  A golden dragon simulacrum (Coc:1)
  A black draconian skeleton (Crypt:3)
  2 silent spectres
  2 spectral harpies (Tar:3)
  26 merfolk
  3 meliai (D:13)
  2 harpy zombies
  16 guardian mummies
  A meliai (shapeshifter) (Vaults:5)
  12 wind drakes
  11 polar bears
  A wolf spider simulacrum (D:13)
  4 hornets
  An elf zombie (Vaults:2)
  108 slime creatures
  A harpy skeleton (Abyss:2)
  A hydra skeleton (Hell)
  9 raiju
  A guardian serpent zombie (Crypt:2)
  A spectral swamp dragon (Tar:1)
  A wind drake (shapeshifter) (Abyss:2)
  10 snapping turtles
  10 dream sheep
  A great orb of eyes zombie (Crypt:3)
  3 stone giant simulacra
  2 iron dragon simulacra
  16 blink frogs
  A human simulacrum (Vaults:1)
  11 flying skulls (Crypt:3)
  A shapeshifter (Elf:1)
  3 spriggans
  A spectral black mamba (Tar:1)
  21 water elementals
  A jumping spider (Vaults:4)
  2 shadows
  3 centaur simulacra
  An ushabti (Tomb:1)
  A dire elephant simulacrum (Hell)
  4 ynoxinuls (Abyss:2)
  14 air elementals
  3 fire elementals
  5 wyverns
  A black mamba zombie (Crypt:1)
  2 ettin skeletons
  16 humans
  A fire bat (Shoals:3)
  46 yaks
  15 wraiths
  A naga simulacrum (Coc:2)
  Eustachio (D:5)
  3 alligator snapping turtle simulacra
  5 basilisks
  11 golden eyes (Abyss:2)
  Grum (D:9)
  A black mamba skeleton (Crypt:1)
  2 chaos spawn
  A steam dragon (D:7)
  2 humans (shapeshifter)
  A redback (shapeshifter) (Elf:3)
  12 large abominations
  A glowing orange brain zombie (Crypt:1)
  4 neqoxecs
  16 harpy simulacra
  A redback (Vaults:4)
  20 small abominations
  4 wargs
  A cane toad zombie (Crypt:3)
  38 nagas
  5 hell hounds
  A naga zombie (Hell)
  2 hydra simulacra (Coc:2)
  2 floating eyes (Depths:1)
  9 water moccasins
  4 glowing shapeshifter skeletons
  An ogre skeleton (Vaults:2)
  4 ice beasts
  7 sky beasts
  A dream sheep zombie (Crypt:1)
  An ettin simulacrum (Coc:2)
  11 black bears
  44 orc warriors
  3 boggarts (Vaults:2)
  23 wolves
  20 ogres
  8 centaurs
  2 phantoms
  A rime drake zombie (Crypt:2)
  14 kobold brigands
  2 hog skeletons
  2 gnoll sergeants
  A demonspawn simulacrum (Coc:1)
  14 bullfrogs
  6 scorpions
  6 necrophages
  A yaktaur skeleton (Crypt:3)
  6 wights
  17 killer bees
  A shapeshifter skeleton (Crypt:1)
  12 howler monkeys
  2 electric eels
  A quasit (Abyss:2)
  6 hounds
  Crazy Yiuf (D:7)
  A basilisk zombie (Crypt:2)
  A human skeleton (Crypt:2)
  37 orc priests
  17 jellies
  An iron imp (Abyss:2)
  Jessica (D:2)
  Ijyb (D:4)
  An iguana (D:6)
  39 orc wizards
  3 hell rats (D:9)
  A deep dwarf skeleton (Crypt:1)
  2 mummies (Tomb:1)
  A gnoll (D:5)
  6 adders
  2 river rats (D:9)
  A steam dragon zombie (Crypt:2)
  A swamp drake skeleton (Crypt:1)
  2 shadow imps
  4 white imps
  3 ufetubi (Abyss:2)
  3 dart slugs
  129 orcs
  6 bats
  6 endoplasms
  2 giant cockroaches
  18 goblins
  10 hobgoblins
  A jackal (D:5)
  32 kobolds
  11 quokkas
  10 ball pythons
  An endoplasm zombie (Crypt:1)
  3 frilled lizards
  A goblin skeleton (Crypt:2)
  A hobgoblin zombie (Crypt:1)
  A jackal skeleton (Crypt:3)
  7 rats
  5 briar patches (Abyss:4)
  6 butterflies (Zot:1)
  A fire vortex (Geh:1)
  A pillar of salt (Geh:1)
  11 starspawn tentacles
  5 tentacles (Tar:7)
3156 creatures vanquished.

Vanquished Creatures (collateral kills)
  A tengu reaver (Vaults:5)
  A vault warden (Vaults:2)
  An ettin (Vaults:2)
  A yaktaur captain (Vaults:5)
  A vault guard (Vaults:5)
  An ironbound frostheart (Vaults:2)
  A shadow wraith (Vaults:3)
  A glowing orange brain (Depths:2)
  A deep troll (Vaults:3)
  3 yaktaurs
12 creatures vanquished.

Vanquished Creatures (others)
  A vampire knight (Depths:1)
  A great orb of eyes (Slime:3)
  2 juggernaut simulacra (Coc:4)
  A vault guard (Vaults:5)
  A dancing weapon (Elf:2)
  A deep elf knight (Elf:1)
  A deep elf zephyrmancer (Elf:1)
  A necromancer (Crypt:3)
  A black mamba (Snake:3)
  An unseen horror (Depths:3)
  2 tengu conjurers
  A stone giant simulacrum (Coc:1)
  A golden eye (Abyss:2)
  A glowing shapeshifter zombie (Vaults:2)
  A mummy (Tomb:1)
  A briar patch (Abyss:4)
  2 fire vortices (Geh:1)
  37 fungi
  A pillar of salt (Geh:1)
  109 plants
  7 starspawn tentacles
  5 tentacles (Tar:7)
179 creatures vanquished.

Grand Total: 3347 creatures vanquished

Notes
Turn   | Place    | Note
-------+----------+-------------------------------------------
     0 | D:1      | Orthodox the Gargoyle Berserker began the quest for the
                  | Orb.
     0 | D:1      | Reached XP level 1. HP: 14/14 MP: 1/1
   335 | D:1      | Reached XP level 2. HP: 14/19 MP: 2/2
  1081 | D:1      | Reached XP level 3. HP: 20/24 MP: 3/3
  1388 | D:1      | Reached ** piety under Trog
  1479 | D:1      | Found a faded altar of an unknown god.
  1987 | D:2      | Noticed Jessica
  1994 | D:2      | Killed Jessica
  1995 | D:2      | Reached XP level 4. HP: 30/30 MP: 4/4
  2272 | D:2      | Found a glowing golden altar of the Shining One.
  2491 | D:3      | Noticed an ice beast
  2917 | D:3      | Killed an ice beast
  2918 | D:3      | Reached skill level 5 in Fighting
  2918 | D:3      | Reached XP level 5. HP: 35/35 MP: 5/5
  3096 | D:3      | Found an ancient bone altar of Kikubaaqudgha.
  3391 | D:4      | Noticed Ijyb
  3411 | D:4      | Killed Ijyb
  3412 | D:4      | Reached XP level 6. HP: 15/40 MP: 6/6
  3674 | D:4      | You fall into a shaft and drop 2 floors!
  3722 | D:6      | Identified a scroll of acquirement
  3726 | D:6      | Acquired a manual of Fighting
  3771 | D:6      | Reached skill level 5 in Axes
  3892 | D:5      | Entered Level 5 of the Dungeon
  3903 | D:5      | Noticed Eustachio
  4137 | D:4      | Reached XP level 7. HP: 47/47 MP: 7/7
  4163 | D:4      | Found a shadowy altar of Dithmenos.
  5243 | D:5      | Reached XP level 8. HP: 50/54 MP: 8/8
  5492 | D:5      | Found a glowing silver altar of Zin.
  5560 | D:5      | Killed Eustachio
  6099 | D:5      | Reached *** piety under Trog
  6231 | D:5      | Found Ceugenui's Weapon Shoppe.
  6238 | D:5      | Bought a +0 war axe for 45 gold pieces
  6295 | D:5      | Found a staircase to the Ecumenical Temple.
  6477 | D:5      | Reached skill level 10 in Fighting
  6526 | D:5      | Reached XP level 9. HP: 59/62 MP: 9/9
  6890 | D:6      | Found a radiant altar of Vehumet.
  6961 | D:6      | Found Woem Juapp's Weapon Emporium.
  7405 | D:7      | Identified the +0 robe of Ru's Envy {Archmagi}
  8164 | D:7      | Found a glowing golden altar of the Shining One.
  8195 | D:7      | Found a runed translucent door.
  8196 | D:7      | Noticed Crazy Yiuf
  8375 | D:7      | Killed Crazy Yiuf
  8428 | D:7      | Reached XP level 10. HP: 65/70 MP: 10/10
  8524 | D:7      | Reached skill level 10 in Axes
  8565 | D:8      | Noticed a deep elf pyromancer
  8849 | D:8      | Noticed a manticore
  9041 | D:8      | Found a sparkling altar of Nemelex Xobeh.
  9101 | D:8      | Killed a deep elf pyromancer
  9102 | D:8      | Reached skill level 5 in Armour
  9215 | D:8      | Reached **** piety under Trog
  9438 | D:8      | Found a bloodstained altar of Trog.
  9756 | D:9      | Noticed Grum
  9772 | D:9      | Killed Grum
  9840 | D:9      | Found a flagged portal.
  9846 | Bailey   | Entered a bailey
 10186 | Bailey   | Found a burning altar of Makhleb.
 10276 | D:9      | Noticed a two-headed ogre
 10280 | D:9      | Killed a two-headed ogre
 10281 | D:9      | Reached XP level 11. HP: 78/78 MP: 11/11
 10587 | D:9      | Noticed Erica
 10593 | D:9      | Reached ***** piety under Trog
 10603 | D:9      | Killed Erica
 10628 | D:9      | Noticed a death yak
 10640 | D:9      | Killed a death yak
 10709 | D:9      | Noticed a death yak
 10709 | D:9      | Noticed a death yak
 11071 | D:9      | Found a staircase to the Lair.
 11417 | D:9      | Killed a death yak
 11429 | D:9      | Killed a death yak
 11540 | Lair:1   | Entered Level 1 of the Lair of Beasts
 11665 | Lair:1   | Reached skill level 15 in Fighting
 11727 | Lair:1   | Noticed a seven-headed hydra
 11760 | D:10     | Entered Level 10 of the Dungeon
 11760 | D:10     | Found an ornate altar of the Wu Jian Council.
 11789 | D:10     | Found a stormy altar of Qazlal.
 11823 | D:10     | Reached XP level 12. HP: 87/87 MP: 12/12
 11866 | D:10     | Found a broken altar of Ashenzari.
 12666 | D:10     | Found a sacrificial altar of Ru.
 12668 | D:10     | Found a hazy altar of Hepliaklqana.
 12949 | D:11     | Noticed a two-headed ogre
 12957 | D:11     | Killed a two-headed ogre
 13083 | D:11     | Found a staircase to the Orcish Mines.
 13158 | D:11     | Noticed a two-headed ogre
 13167 | D:11     | Killed a two-headed ogre
 13267 | D:11     | Found Calom's Antique Armour Shop.
 13281 | D:11     | Noticed Josephine
 13297 | D:11     | Killed Josephine
 13321 | D:11     | Reached skill level 10 in Armour
 13356 | D:11     | Bought a glimmering ring mail for 288 gold pieces
 13356 | D:11     | Identified the +3 ring mail of the Red Skies {rPois rF+
                  | Str+2 Int-4} (You bought it in a shop on level 11 of the
                  | Dungeon)
 13375 | D:11     | Identified the +6 war axe of Indomitability {flame, Fragile
                  | Str+3 Stlth+}
 13599 | Lair:1   | Killed a three-headed hydra
 13600 | Lair:1   | Reached skill level 1 in Shields
 13985 | Lair:2   | Received a gift from Trog
 14029 | Lair:2   | Noticed a death yak
 14029 | Lair:2   | Noticed a death yak
 14084 | Lair:1   | Reached XP level 13. HP: 86/93 MP: 13/13
 14546 | Lair:2   | Found a staircase to the Shoals.
 14756 | Lair:2   | Reached skill level 5 in Dodging
 14972 | Lair:2   | Identified the +6 scale mail of Limited Liability {Slay+5}
 15502 | Lair:3   | Found a gate leading to a gauntlet.
 15516 | Gauntlet | Entered a Gauntlet
 15516 | Gauntlet | Found a large runed translucent door.
 15516 | Gauntlet | Found a large runed translucent door.
 15516 | Gauntlet | Found a large runed translucent door.
 15516 | Gauntlet | Found a large runed translucent door.
 15516 | Gauntlet | Found a large runed translucent door.
 15516 | Gauntlet | Found a large runed translucent door.
 15516 | Gauntlet | Found a large runed translucent door.
 15516 | Gauntlet | Found a large runed translucent door.
 15516 | Gauntlet | Found a runed translucent door.
 15516 | Gauntlet | Found a runed translucent gate.
 15516 | Gauntlet | Found a transporter.
 15516 | Gauntlet | Found a transporter.
 15516 | Gauntlet | Found a runed translucent gate.
 15516 | Gauntlet | Found a transporter.
 15547 | Gauntlet | Found a transporter.
 15548 | Gauntlet | Found a runed translucent gate.
 15548 | Gauntlet | Found a runed translucent door.
 15548 | Gauntlet | Found the ring of the Mage {Wiz Archmagi}
 15552 | Gauntlet | Found a large runed translucent door.
 15552 | Gauntlet | Found a large runed translucent door.
 15557 | Gauntlet | Found a transporter.
 15588 | Gauntlet | Found a large runed translucent door.
 15588 | Gauntlet | Found a large runed translucent door.
 15591 | Gauntlet | Found a large runed translucent door.
 15591 | Gauntlet | Found a large runed translucent door.
 15592 | Gauntlet | Found a large runed translucent door.
 15593 | Gauntlet | Found a large runed translucent door.
 15622 | Gauntlet | Found a transporter.
 15634 | Gauntlet | Found a transporter.
 15648 | Gauntlet | Found a transporter.
 15660 | Gauntlet | Found a transporter.
 15673 | Gauntlet | Found a transporter.
 15679 | Gauntlet | Found a transporter.
 15700 | Gauntlet | Found a transporter.
 15887 | Gauntlet | Identified the ring "Sicwit Pohu" {*Corrode rC- Will+ AC+4
                  | Dex+6}
 15928 | Gauntlet | Identified the amulet of Ygoelepp {Faith Fly}
 15976 | Gauntlet | Noticed a minotaur
 15983 | Gauntlet | Killed a minotaur
 16121 | Lair:3   | Found a staircase to the Snake Pit.
 16204 | Lair:3   | Identified the +0 helmet of Trial and Error {rElec rPois
                  | rN+}
 17469 | Lair:4   | Gained mutation: Your large and strong wings let you fly.
                  | [Gargoyle growth]
 17469 | Lair:4   | Reached XP level 14. HP: 100/100 MP: 14/14
 18310 | Lair:5   | Entered Level 5 of the Lair of Beasts
 18355 | Lair:5   | Identified the +3 flail "Gecisy" {drain, rF+ Str+3}
 18617 | Lair:5   | Reached ****** piety under Trog
 18829 | Lair:5   | Reached skill level 15 in Armour
 18912 | Lair:5   | Received a gift from Trog
 19433 | Lair:5   | Found a viscous altar of Jiyva.
 19435 | Lair:5   | Found a staircase to the Slime Pits.
 20229 | Orc:1    | Entered Level 1 of the Orcish Mines
 20291 | Orc:1    | Reached skill level 15 in Axes
 20293 | Orc:1    | Received a gift from Trog
 20431 | Orc:2    | Entered Level 2 of the Orcish Mines
 20431 | Orc:2    | Noticed Donald
 20454 | Orc:1    | Killed Donald
 20636 | Orc:2    | Reached XP level 15. HP: 85/107 MP: 15/15
 20803 | Orc:2    | Found a staircase to the Elven Halls.
 20963 | Orc:2    | Found a bloodstained altar of Trog.
 21278 | Orc:2    | Received a gift from Trog
 22183 | Orc:1    | Received a gift from Trog
 22461 | Orc:2    | Noticed an orc warlord
 22482 | Orc:2    | Killed an orc warlord
 23000 | Orc:2    | Found Daukasu's General Store.
 23001 | Orc:2    | Found Gotiecon's Jewellery Emporium.
 23003 | Orc:2    | Found Hiaretir's Antique Armour Shoppe.
 23003 | Orc:2    | Found Mizar's Antique Weapon Shoppe.
 23042 | Orc:2    | Bought a scroll of brand weapon for 123 gold pieces
 23042 | Orc:2    | Bought the +0 pair of fencer's gloves {Riposte Dex+3} for
                  | 520 gold pieces
 23042 | Orc:2    | Found the +0 pair of fencer's gloves {Riposte Dex+3}
 23052 | Orc:2    | Bought the +3 crown of Dyrovepreva {rElec Int+2 SInv} for
                  | 1242 gold pieces
 23052 | Orc:2    | Found the +3 crown of Dyrovepreva {rElec Int+2 SInv}
 23068 | Orc:2    | Reached XP level 16. HP: 114/114 MP: 16/16
 23069 | Orc:2    | Reached XP level 17. HP: 119/119 MP: 17/17
 23750 | D:12     | Identified the +1 helmet "Raomet" {rPois rF+ rC+}
 23921 | D:12     | Noticed Nergalle
 23939 | D:12     | Killed Nergalle
 24066 | D:12     | Identified the +2 broad axe of Brutal Revenge {flame,
                  | *Corrode rN+ Str+5} (Trog gifted it to you on level 12 of
                  | the Dungeon)
 24066 | D:12     | Received a gift from Trog
 25128 | D:13     | Reached skill level 10 in Dodging
 25720 | D:14     | Noticed Urug
 25720 | D:14     | Found a gate to the Vaults.
 25722 | D:14     | Noticed Snorg
 25769 | D:13     | Killed Snorg
 26331 | D:14     | Killed Urug
 26407 | D:14     | Identified the +0 arbalest "Ciquw" {flame, rPois SInv}
 26421 | D:14     | Identified the +2 buckler of the Hart {rF+ Int+4}
 27153 | D:15     | Entered Level 15 of the Dungeon
 27371 | D:15     | Found a stormy altar of Qazlal.
 27740 | D:15     | Identified the +2 leather armour of Vustreta {Dex+6 Stlth+}
 28008 | D:15     | Reached XP level 18. HP: 110/125 MP: 18/18
 28105 | D:15     | Found a staircase to the Depths.
 28466 | Snake:1  | Entered Level 1 of the Snake Pit
 28930 | Snake:1  | Identified the +0 robe of the Demonic Gastropod {Rampage
                  | rF+ rN++ Str-2}
 29003 | Snake:1  | Received a gift from Trog
 29004 | Snake:1  | Found the +14 obsidian axe {vorpal, Mesm Drain Fly SInv}
 29707 | Snake:2  | Found Ymnob's Weapon Emporium.
 30712 | Snake:3  | Received a gift from Trog
 31019 | Snake:3  | Found Widi Boe's Jewellery Boutique.
 31019 | Snake:3  | Found Piryaf's Book Shoppe.
 31020 | Snake:3  | Found Douk Bie's Jewellery Boutique.
 31193 | Snake:4  | Entered Level 4 of the Snake Pit
 32275 | Snake:4  | Found Vonorchei's Specific Store.
 32279 | Snake:4  | Found Ohib's General Store.
 32334 | Snake:4  | Bought a scroll of acquirement for 884 gold pieces
 32334 | Snake:4  | Bought a scroll of silence for 161 gold pieces
 32335 | Snake:4  | Acquired 580 gold pieces
 32697 | Snake:4  | Reached XP level 19. HP: 114/133 MP: 19/19
 32891 | Snake:4  | Got a serpentine rune of Zot
 33085 | Shoals:1 | Entered Level 1 of the Shoals
 33095 | Shoals:1 | Received a gift from Trog
 34681 | Shoals:3 | Identified the +2 flail of Cataclysm {vorpal, Str+2}
 35192 | Shoals:3 | Noticed Polyphemus
 35207 | Shoals:3 | Killed Polyphemus
 35243 | Shoals:3 | Received a gift from Trog
 35385 | Shoals:3 | Noticed Mara
 35393 | Shoals:3 | Noticed Orthodox's illusion
 35396 | Shoals:3 | Killed Mara
 35604 | Shoals:3 | Noticed Ilsuiw
 35637 | Shoals:3 | Killed Ilsuiw
 36004 | Shoals:4 | Entered Level 4 of the Shoals
 36004 | Shoals:4 | Found a white marble altar of Elyvilon.
 36478 | Shoals:4 | Paralysed by an air elemental for 1 turns
 36949 | Shoals:4 | Reached XP level 20. HP: 110/142 MP: 20/20
 37059 | Shoals:4 | Noticed Louise
 37423 | Shoals:4 | Killed Louise
 37490 | Shoals:4 | Paralysed by an air elemental for 1 turns
 37525 | Shoals:4 | Got a barnacled rune of Zot
 37707 | Shoals:4 | Received a gift from Trog
 38275 | Elf:1    | Entered Level 1 of the Elven Halls
 38276 | Elf:1    | Paralysed by an air elemental for 1 turns
 38314 | Elf:1    | Paralysed by an air elemental for 1 turns
 39507 | Elf:1    | Received a gift from Trog
 39735 | Elf:2    | Noticed a Brimstone Fiend
 39914 | Elf:2    | Paralysed by an air elemental for 1 turns
 40485 | Elf:2    | Found a runed translucent gate.
 40485 | Elf:2    | Found a runed translucent gate.
 40485 | Elf:2    | Found a runed translucent gate.
 40534 | Elf:2    | Received a gift from Trog
 40958 | Elf:2    | Noticed Nikola
 41004 | Elf:2    | Killed Nikola
 41368 | Elf:2    | Reached XP level 21. HP: 148/148 MP: 21/21
 41776 | Elf:3    | Entered Level 3 of the Elven Halls
 41776 | Elf:3    | Noticed Asterion
 42138 | Elf:2    | Killed Asterion
 42138 | Elf:2    | Identified the +5 quarterstaff "Arcadian Goblinbane"
                  | {vorpal, *Corrode rPois rC++} (Trog gifted it to you on
                  | level 2 of the Elven Halls)
 42138 | Elf:2    | Received a gift from Trog
 42511 | Elf:3    | Found an ancient bone altar of Kikubaaqudgha.
 43148 | Elf:3    | Identified the ring of Paranoia {rC++ Str+6 Int+4 Stlth-}
 43831 | Elf:3    | Received a gift from Trog
 43985 | Elf:3    | Identified the ring "Qaefug" {rC+ rN+ rCorr Dex+3}
 44210 | Vaults:1 | Entered Level 1 of the Vaults
 44803 | Vaults:1 | Found a transporter.
 45025 | Vaults:1 | Identified the +8 scimitar "Pyle" {holy, rC+ rN+}
 45245 | Vaults:1 | Found Jejicod's Armour Shop.
 45270 | Vaults:1 | Noticed quakins's ghost (adept TrTm)
 45276 | Vaults:1 | Found a transporter.
 45277 | Vaults:1 | Noticed an ancient lich
 45277 | Vaults:1 | Noticed Kare Xaoge's ghost (adept DgTm)
 45390 | Vaults:1 | Received a gift from Trog
 45590 | Vaults:1 | Reached XP level 22. HP: 151/156 MP: 22/22
 45695 | Vaults:1 | Killed an ancient lich
 46517 | Vaults:2 | Received a gift from Trog
 47941 | Vaults:3 | Found a magical portal.
 47994 | WizLab   | Entered Iskenderun's Mystic Tower
 48822 | WizLab   | Received a gift from Trog
 50087 | WizLab   | Got Iskenderun's Compendium of Confrontation
 50088 | WizLab   | Got Iskenderun's Folio of Battle Magic
 50292 | Vaults:3 | Found a staircase to the Crypt.
 51210 | Vaults:4 | Received a gift from Trog
 51214 | Vaults:4 | Reached XP level 23. HP: 164/164 MP: 23/23
 52651 | Vaults:4 | Identified the +1 ring mail of Conscience {rElec rC+ Str+3
                  | Dex-4}
 52752 | Vaults:4 | Received a gift from Trog
 53147 | Depths:1 | Entered Level 1 of the Depths
 53631 | Depths:1 | Identified the ring "Googituu" {rF++ rC- Will+ Dex+6}
 54263 | Depths:1 | Noticed a golden dragon
 54272 | Depths:1 | Killed a golden dragon
 54477 | Depths:1 | Received a gift from Trog
 54897 | Depths:1 | Identified the +0 leather armour of Inaction {rPois MP+9}
 54937 | Depths:1 | Noticed a golden dragon
 54952 | Depths:1 | Killed a golden dragon
 55082 | Depths:1 | Paralysed by a floating eye for 4 turns
 55219 | Depths:1 | Reached XP level 24. HP: 175/175 MP: 23/23
 55282 | Depths:1 | Found a runed translucent gate.
 55282 | Depths:1 | Found a runed translucent gate.
 55282 | Depths:1 | Found a runed translucent gate.
 55286 | Depths:1 | Found a viscous altar of Jiyva.
 55286 | Depths:1 | Noticed miserystealer's ghost (adept MiFi)
 55582 | Depths:1 | Found a gateway to Hell.
 55863 | Depths:1 | Killed miserystealer's ghost
 55869 | Depths:1 | Paralysed by a floating eye for 3 turns
 55875 | Depths:1 | Paralysed by a floating eye for 3 turns
 56063 | Depths:1 | Identified the ring "Geir" {Fire Str-4 Int+4}
 56446 | Depths:2 | Received a gift from Trog
 56725 | Depths:2 | Found a one-way gate leading to the halls of Pandemonium.
 58019 | Depths:3 | Found a one-way gate to the infinite horrors of the Abyss.
 58291 | Depths:3 | Received a gift from Trog
 58427 | Depths:3 | Found a one-way gateway to a ziggurat.
 58427 | Depths:3 | Paralysed by a floating eye for 4 turns
 59098 | Depths:3 | Paralysed by a floating eye for 3 turns
 59402 | Depths:3 | Found a glowing silver altar of Zin.
 59403 | Depths:3 | Found a white marble altar of Elyvilon.
 59404 | Depths:3 | Found a glowing golden altar of the Shining One.
 59439 | Depths:4 | Entered Level 4 of the Depths
 60042 | Depths:4 | Found a gate to the Realm of Zot.
 60057 | Depths:4 | Reached XP level 25. HP: 157/184 MP: 23/23
 60534 | Depths:4 | Identified the +1 arbalest of Conformity {vorpal, rElec
                  | SInv}
 60662 | Depths:4 | Received a gift from Trog
 61299 | Vaults:5 | Entered Level 5 of the Vaults
 61333 | Vaults:5 | Noticed Saint Roka
 61346 | Vaults:5 | Killed Saint Roka
 61384 | Vaults:5 | Paralysed by a sphinx for 2 turns
 61453 | Vaults:5 | Identified the +1 leather armour of the Turtle {rElec rPois
                  | Dex-2 Stlth+}
 61651 | Vaults:5 | Identified the amulet "Gyerheta" {Reflect Int+2 SH+5}
 61666 | Vaults:5 | Noticed a dread lich
 61684 | Vaults:5 | Killed a dread lich
 61684 | Vaults:5 | Received a gift from Trog
 61902 | Vaults:5 | Identified the ring "Xuefek" {rC++ rN++ EV+4 Dex-4}
 61989 | Vaults:5 | Noticed an ancient lich
 62030 | Vaults:5 | Reached skill level 15 in Dodging
 62044 | Vaults:5 | Noticed a dread lich
 62053 | Vaults:5 | Killed a dread lich
 62613 | Vaults:5 | Received a gift from Trog
 62744 | Vaults:5 | Reached XP level 26. HP: 175/190 MP: 23/23
 64085 | Vaults:5 | Killed an ancient lich
 64175 | Vaults:5 | Found Nuin's Distillery.
 64183 | Vaults:5 | Bought a potion of heal wounds for 100 gold pieces
 64183 | Vaults:5 | Bought a potion of cancellation for 160 gold pieces
 64183 | Vaults:5 | Bought a potion of resistance for 200 gold pieces
 64183 | Vaults:5 | Bought a potion of might for 80 gold pieces
 64243 | Vaults:5 | Got a silver rune of Zot
 64577 | Depths:3 | Fell from the grace of Trog
 64577 | Depths:3 | Became a worshipper of the Shining One
 64827 | Crypt:1  | Entered Level 1 of the Crypt
 64891 | Crypt:1  | Reached * piety under the Shining One
 65125 | Crypt:1  | Reached ** piety under the Shining One
 65437 | Crypt:1  | Reached *** piety under the Shining One
 65710 | Crypt:2  | Reached **** piety under the Shining One
 65724 | Crypt:2  | Reached ***** piety under the Shining One
 65731 | Crypt:2  | Noticed Zenata
 65872 | Crypt:2  | Noticed Margery
 65884 | Crypt:2  | Killed Margery
 65914 | Crypt:2  | Reached skill level 1 in Invocations
 65982 | Crypt:2  | Killed Zenata
 65996 | Crypt:2  | Identified the +0 hand axe "Zihedol" {vorpal, Drain rCorr
                  | Dex+7}
 66372 | Crypt:3  | Entered Level 3 of the Crypt
 66385 | Crypt:3  | Reached skill level 5 in Invocations
 66420 | Crypt:3  | Reached ****** piety under the Shining One
 66580 | Crypt:2  | Identified a +7 executioner's axe of holy wrath (a +5
                  | executioner's axe of flaming blessed by the Shining One)
 66580 | Crypt:2  | Received a gift from the Shining One
 67148 | Crypt:3  | Found the +9 staff of Olgreb {rPois∞}
 67382 | Crypt:3  | Found a staircase to the Tomb.
 67398 | Crypt:3  | Reached skill level 10 in Invocations
 67600 | Crypt:3  | Noticed an ancient lich
 67608 | Crypt:3  | Noticed an ancient lich
 67608 | Crypt:3  | Noticed a dread lich
 67781 | Crypt:3  | Paralysed by Trog for 5 turns
 67882 | Crypt:3  | Killed an ancient lich
 67888 | Crypt:3  | Killed an ancient lich
 67893 | Crypt:3  | Killed a dread lich
 68089 | Crypt:3  | Identified the ring "Zepluel" {Fly rN+ rCorr Slay+2}
 68089 | Crypt:3  | Identified the ring "Qaufenot" {+Blink rN+ Will+ Dex+2}
 68089 | Crypt:3  | Identified the ring of Xom's Righteous Anger {rElec rN+}
 68096 | Crypt:3  | Identified the +8 whip of the Present {flame, rF+ Int+2}
 68540 | Depths:3 | Fell from the grace of the Shining One
 68540 | Depths:3 | Became a worshipper of Zin the Law-Giver
 68540 | Depths:3 | Reached * piety under Zin
 68540 | Depths:3 | Reached ** piety under Zin
 68540 | Depths:3 | Reached *** piety under Zin
 68540 | Depths:3 | Reached **** piety under Zin
 68540 | Depths:3 | Reached ***** piety under Zin
 68582 | Zot:1    | Entered Level 1 of the Realm of Zot
 68608 | Zot:1    | Reached XP level 27. HP: 142/196 MP: 31/31
 69329 | Zot:1    | Found a large runed translucent door.
 69329 | Zot:1    | Found a large runed translucent door.
 69330 | Zot:1    | Found a large runed translucent door.
 69330 | Zot:1    | Found a shimmering altar of Xom.
 69330 | Zot:1    | Found a large runed translucent door.
 69330 | Zot:1    | Identified the +9 hand crossbow "Copasim" {chaos, rPois rF-
                  | Dex+3}
 69369 | Zot:1    | Found a large runed translucent door.
 69369 | Zot:1    | Found a large runed translucent door.
 69664 | Zot:1    | Found a large runed translucent door.
 69664 | Zot:1    | Found a large runed translucent door.
 69674 | Zot:1    | Identified the +0 scale mail of Adeenaowk {Will- rCorr
                  | Int+7}
 69676 | Zot:1    | Identified the +3 ring mail "Ubetaozxi" {Contam Regen+ MP+9
                  | SInv}
 69884 | Zot:1    | Paralysed by Trog for 3 turns
 70199 | Zot:1    | Identified the +10 dire flail of Anak {chaos, rC+ SInv}
 70437 | Zot:1    | Identified the +3 battleaxe of the Abyss {chaos, rPois
                  | rF+++ MP+9 Int-3}
 71572 | Zot:2    | Reached skill level 15 in Invocations
 71799 | Zot:1    | You are sucked into a shaft and drop 1 floor!
 75382 | Zot:3    | Noticed an orb of fire
 75401 | Zot:3    | Killed an orb of fire
 76313 | Zot:4    | Noticed Parghit
 76663 | Zot:3    | Killed Parghit
 76934 | Zot:4    | Found a transporter.
 76940 | Zot:4    | Found a transporter.
 76968 | Zot:4    | Found a transporter.
 77166 | Zot:4    | Found a transporter.
 77609 | Zot:5    | Entered Level 5 of the Realm of Zot
 77958 | Zot:5    | Found a transporter.
 77966 | Zot:5    | Found a transporter.
 78026 | Zot:5    | Found a transporter.
 78033 | Zot:5    | Found a transporter.
 78037 | Zot:5    | Found a transporter.
 78041 | Zot:5    | Found a transporter.
 78556 | Zot:5    | Noticed a dread lich
 78589 | Zot:5    | Killed a dread lich
 78746 | Zot:5    | Identified the amulet "Xeiteazo" {Spirit Int+6 Dex-4}
 78748 | Zot:5    | Noticed an orb of fire
 78749 | Zot:5    | Noticed a dread lich
 78749 | Zot:5    | Noticed an orb of fire
 78807 | Zot:4    | Killed an orb of fire
 78987 | Zot:5    | Gained mutation: You are frail. (-10% HP) [an orb of fire]
 79104 | Zot:5    | Killed an orb of fire
 79350 | Zot:5    | Killed a dread lich
 79444 | Zot:5    | Noticed an orb of fire
 79456 | Zot:5    | Noticed an ancient lich
 79469 | Zot:5    | Killed an orb of fire
 79477 | Zot:5    | Killed an ancient lich
 80225 | Zot:5    | Noticed an orb of fire
 80226 | Zot:5    | Noticed an orb of fire
 80243 | Zot:5    | Killed an orb of fire
 80245 | Zot:5    | Noticed an orb of fire
 80246 | Zot:5    | Killed an orb of fire
 80255 | Zot:5    | Killed an orb of fire
 80256 | Zot:5    | Noticed a dread lich
 81066 | Zot:5    | Killed a dread lich
 81150 | Zot:5    | Noticed an orb of fire
 81151 | Zot:5    | Gained mutation: Your magical capacity is low. (-10% MP)
                  | [an orb of fire]
 81580 | Zot:5    | Noticed an ancient lich
 81593 | Zot:5    | Killed an ancient lich
 81600 | Zot:5    | Killed an orb of fire
 82394 | Slime:1  | Entered Level 1 of the Pits of Slime
 83614 | Slime:5  | Entered Level 5 of the Pits of Slime
 84161 | Slime:4  | Was forgiven by Trog
 84450 | Slime:5  | Noticed the Royal Jelly
 84650 | Slime:5  | Found a viscous altar of Jiyva.
 84710 | Slime:5  | Killed the Royal Jelly
 85021 | Slime:5  | Reached ****** piety under Zin
 85031 | Slime:5  | Lost mutation: You are frail. (-10% HP) [potion of
                  | mutation]
 85031 | Slime:5  | Lost mutation: Your magical capacity is low. (-10% MP)
                  | [potion of mutation]
 85045 | Slime:5  | Got a slimy rune of Zot
 85090 | Slime:5  | Identified the ring of Packauhio {Fire Fly Will+ Dex+3}
 85101 | Slime:5  | Identified the +2 robe of Temperance {Stlth+}
 85121 | Slime:5  | Identified the +4 whip "Ichudou" {antimagic, rCorr Int+2}
 85127 | Slime:5  | Identified the +8 broad axe "Xafifig" {speed, rN+ Int+3
                  | Dex+2}
 85580 | Hell     | Entered the Vestibule of Hell
 85580 | Hell     | Noticed Geryon
 85585 | Hell     | Noticed Murray
 85752 | Depths:1 | Killed Murray
 85775 | Hell     | Killed Geryon
 86168 | Hell     | Found a gateway to the decaying netherworld of Tartarus.
 86340 | Hell     | Found a gateway to the ashen valley of Gehenna.
 86490 | Hell     | Found a gateway to the Iron City of Dis.
 86525 | Hell     | Found a gateway to the freezing wastes of Cocytus.
 86873 | Vaults:1 | Killed Kare Xaoge's ghost
 86890 | Vaults:1 | Killed quakins's ghost
 87194 | Tar:1    | Entered Level 1 of Tartarus
 88477 | Tar:4    | Noticed a dread lich
 88483 | Tar:4    | Killed a dread lich
 89975 | Tar:7    | Entered Level 7 of Tartarus
 90967 | Tar:7    | Reached skill level 27 in Fighting
 92004 | Tar:7    | Identified the +6 quarterstaff of Zunguen {freeze, Int+7}
 92578 | Tar:7    | Identified the +4 plate armour of Lust {Fly rCorr}
 92579 | Tar:7    | Identified the +0 chain mail "Mohiarr" {rC+}
 92583 | Tar:7    | Identified the ring of Psychosis {rPois Will- MP+9 Int+8
                  | SInv}
 93116 | Tar:7    | Noticed Ereshkigal
 93162 | Tar:7    | Killed Ereshkigal
 93485 | Tar:7    | Identified the amulet "Hopno" {RegenMP rElec MP+9 Dex+4
                  | Stlth+}
 93498 | Tar:7    | Got a bone rune of Zot
 93648 | Coc:1    | Entered Level 1 of Cocytus
 93665 | Coc:1    | Noticed a dread lich
 93687 | Coc:1    | Killed a dread lich
 93954 | Coc:1    | You are sucked into a shaft and drop 1 floor!
 93955 | Coc:2    | Paralysed by a wendigo for 1 turns
 95178 | Coc:4    | Paralysed by a wendigo for 1 turns
 95295 | Geh:1    | Entered Level 1 of Gehenna
 95304 | Geh:1    | Found a huge runed gate.
 95304 | Geh:1    | Found a huge runed gate.
 95304 | Geh:1    | Found a huge runed gate.
 95305 | Geh:1    | Found a huge runed gate.
 95305 | Geh:1    | Found a huge runed gate.
 95306 | Geh:1    | Found a huge runed gate.
 95306 | Geh:1    | Found a huge runed gate.
 95307 | Geh:1    | Found a huge runed gate.
 95307 | Geh:1    | Found a huge runed gate.
 95307 | Geh:1    | Found a huge runed gate.
 95308 | Geh:1    | Found a huge runed gate.
 95309 | Geh:1    | Found a huge runed gate.
 95310 | Geh:1    | Found a huge runed gate.
 95311 | Geh:1    | Found a huge runed gate.
 95312 | Geh:1    | Found a huge runed gate.
 95357 | Geh:1    | Found a huge runed gate.
 95378 | Geh:1    | Found a huge runed gate.
 95379 | Geh:1    | Found a huge runed gate.
 95654 | Geh:1    | Found a huge runed gate.
 95655 | Geh:1    | Found a huge runed gate.
 95656 | Geh:1    | Found a huge runed gate.
 95657 | Geh:1    | Found a huge runed gate.
 95658 | Geh:1    | Found a huge runed gate.
 95659 | Geh:1    | Found a huge runed gate.
 95667 | Geh:1    | Found a huge runed gate.
 95667 | Geh:1    | Found a huge runed gate.
 95667 | Geh:1    | Found a huge runed gate.
 95667 | Geh:1    | Found a huge runed gate.
 95667 | Geh:1    | Found a huge runed gate.
 95667 | Geh:1    | Found a huge runed gate.
 95668 | Geh:1    | Found a huge runed gate.
 95669 | Geh:1    | Found a huge runed gate.
 95670 | Geh:1    | Found a huge runed gate.
 95678 | Geh:1    | Found a huge runed gate.
 95678 | Geh:1    | Found a huge runed gate.
 95678 | Geh:1    | Found a huge runed gate.
 95700 | Geh:1    | Noticed an ancient lich
 95701 | Geh:1    | Noticed an ancient lich
 96226 | Depths:3 | Voluntarily entered the Abyss.
 97051 | Abyss:2  | Noticed an ancient lich
 97057 | Abyss:2  | Killed an ancient lich
 97113 | Abyss:4  | Reached skill level 27 in Invocations
 97127 | Abyss:4  | Found a shadowy altar of Dithmenos.
 97176 | Abyss:4  | Got an abyssal rune of Zot
 97177 | Abyss:4  | Reached skill level 27 in Axes
 97217 | Depths:3 | Escaped the Abyss
 97555 | Dis:1    | Entered Level 1 of the Iron City of Dis
 98282 | Tomb:1   | Entered Level 1 of the Tomb of the Ancients
 98614 | Tomb:1   | Noticed a royal mummy
 98671 | Tomb:1   | Blown up by a lich

Illustrated notes

Levels and vault maps discovered:
D:1:      dpeg_arrival_arbitrary_c, layout_loops_corners,
          shapermc_ecumenical_altar_mp_vishouse, chequers_arboretum
D:2:      layout_loops_ring, basic_altar, uniq_jessica
D:3:      layout_rooms, lemuel_round_altar, kennysheep_generic_room_14
D:4:      kennysheep_the_goblin_king, layout_basic,
          mainiacjoe_overflow_small_starburst, kennysheep_flooded_box,
          dreamdust_wishing_well
D:5:      kb_forest_paths, layout_loops_ring, minmay_temple_entry_poolview,
          serial_shops, nicolae_shop_bloodbath_and_beyond, minmay_ruined_shrine,
          uniq_eustachio
D:6:      layout_loops_ring, old_standard_altar, serial_shops, shop
D:7:      layout_cave_pools, nicolae_tso_carved_into_rock,
          serial_bayou_lagoon_a, uniq_crazy_yiuf_cottage
D:8:      cheibrodos_ideogram_h, layout_cave_pools,
          mainiacjoe_overflow_divided_tiny
D:9:      layout_loops_ring, dpeg_lair_monsters, enter_bailey_3, uniq_erica,
          uniq_grum
D:10:     lemuel_troll_bridge, layout_irregular_city,
          cheibrodos_ashenzari_chains, nicolae_overflow_hidden_temple,
          mainiacjoe_overflow_six_doors_small
D:11:     layout_basic, david_orc_2, serial_shops, shop, uniq_josephine
D:12:     layout_loops_corners, uniq_nergalle
D:13:     layout_loops_corners
D:14:     layout_irregular_city, david_vaults_3, minmay_misc_feat_pillars,
          drop_trap, uniq_snorg
D:15:     grunt_enter_depths_hoard, layout_basic, fountainhead,
          nicolae_qazlal_style_of_elements
Lair:1:   layout_misc_corridors, grunt_megastairs_5
Lair:2:   layout_cave_pods, minmay_shoals_entry_beasts,
          grunt_forest_large_clearing_hut, grunt_megastairs_4
Lair:3:   layout_layer_cave, minmay_snake_entry_guardpost_small,
          gauntlet_entry_generic
Lair:4:   layout_regular_city, uniq_urug
Lair:5:   evilmike_catoblepas_cave, layout_regular_city,
          minmay_slime_entry_oklob_enclosed, grunt_megastairs_2,
          infiniplex_staircase_pool
Shoals:1: layout_shoals
Shoals:2: layout_shoals, kb_tengu_band
Shoals:3: layout_shoals, hangedman_shoal_volcano, uniq_polyphemus, uniq_mara,
          uniq_ilsuiw
Shoals:4: shoals_end_hellmonk_storm_palace [storm_palace_center_square,
          storm_palace_corner_blocked, storm_palace_corner_reverse_hut,
          storm_palace_corner_altar, storm_palace_corner_pillars], uniq_louise
Snake:1:  layout_misc_corridors, nicolae_snake_gridmaze_zigzag
Snake:2:  layout_onion_interference, serial_shops, nicolae_shop_trees,
          nicolae_snake_snakes_in_the_grass
Snake:3:  layout_gridlike, minmay_shop_grove
Snake:4:  snake_pit_salamanders_mu, layout_onion_interference,
          nicolae_specific_store, drop_trap, abandoned_shop,
          chequers_hall_statues_y, serial_bayou_shore_a
Slime:1:  layout_caves
Slime:2:  layout_caves
Slime:3:  layout_caves, basic_altar
Slime:4:  layout_caves
Slime:5
Orc:1:    layout_caves, kennysheep_orc_chapel
Orc:2:    st_orc_congregation, layout_caves, basic_altar, minmay_orc_temple_a,
          uniq_donald
Elf:1:    layout_geoelf_octagon, hangedman_elven_crosses_minicolossus
Elf:2:    elven_hall_of_blades_hangedman_original
          [nicolae_blade_entry_floor_patterns], layout_gridlike, uniq_nikola
Elf:3:    elf_hall_gauntlet_wide, layout_rooms, david_defended_altar_elf,
          uniq_asterion
Vaults:1: nzn_ghost_randoct, vaults_dpeg_ring, v_misc_28, v_alt_pattern_1,
          vaults_room_stairs_pillars, nicolae_vaults_network_barrier,
          nicolae_vaults_little_squares_5, ontoclasm_vaults_chip, v_misc_24,
          ontoclasm_vaults_chip, vaults_standard_mumra_lines,
          layout_vaults_quadrants, serial_shops, shop
Vaults:2: ontoclasm_vaults_bender, ontoclasm_vaults_loading_screen, v_misc_28,
          nicolae_vaults_specimen_jars, ontoclasm_vaults_idyll,
          vaults_dpeg_diagonal, hangedman_vaults_nails,
          vaults_dpeg_encased_lava, v_misc_13, layout_vaults_omnicross
Vaults:3: infiniplex_enter_wizlab_glasses, hangedman_vaults_nodes,
          blue_anna_dwarven_crypt, v_rooms_4, ontoclasm_vaults_gateway,
          ontoclasm_vaults_chip, vaults_room_corners, layout_vaults_chaotic_city
Vaults:4: v_misc_30, nicolae_vaults_asterisk, grunt_vaults_funnel,
          nicolae_vaults_asterisk, hangedman_vaults_capsules, vaults_room_pools,
          v_misc_30, st_eye, hangedman_vaults_snaps, grunt_vaults_hallway_long,
          nicolae_vaults_circle_grid_a, v_pattern_4, vaults_room_hallway,
          layout_vaults_ring
Vaults:5: uniq_saint_roka
Crypt:1:  layout_chaotic_city, grunt_ministairs_14
Crypt:2:  layout_rooms, uniq_zenata, uniq_margery
Crypt:3:  david_glass_crypt, layout_gridlike, tomb_entry_simple_bobbens,
          minivault_4
Tomb:1
Depths:1: minmay_the_grid_square_5x5_5x5_mashed
          [minmay_the_grid_square_5x5_pentomino_r,
          minmay_the_grid_square_5x5_percent,
          minmay_the_grid_square_5x5_two_small,
          minmay_the_grid_square_5x5_sharp_hourglass,
          minmay_the_grid_square_5x5_lines, minmay_the_grid_square_5x5_inner_z,
          minmay_the_grid_square_5x5_prize_pseudospiral,
          minmay_the_grid_square_5x5_two_walls_b,
          minmay_the_grid_square_5x5_prize_open,
          minmay_the_grid_square_5x5_comb,
          minmay_the_grid_square_5x5_two_walls_a,
          minmay_the_grid_square_5x5_checkered,
          minmay_the_grid_square_5x5_prize_deathbox,
          minmay_the_grid_square_5x5_hollow_slash,
          minmay_the_grid_square_5x5_tie, minmay_the_grid_square_5x5_fat_x,
          minmay_the_grid_square_5x5_prize_rear_guard,
          minmay_the_grid_square_5x5_meh, minmay_the_grid_square_5x5_prize_junk,
          minmay_the_grid_square_5x5_inner_v,
          minmay_the_grid_square_5x5_three_walls,
          minmay_the_grid_square_5x5_checkered_statues,
          minmay_the_grid_square_5x5_inset, minmay_the_grid_square_5x5_detours,
          minmay_the_grid_square_5x5_n], layout_gridlike, serial_curves,
          eino_curves_02, eino_curves_04, gammafunk_ghost_ooze,
          hangedman_tar_grid_catacomb, chequers_serial_rivers_micro_c,
          dreamdust_looks_like_rain
Depths:2: kennysheep_blocky_room, layout_honeycomb, grunt_mini_vestibule,
          rand_demon_pan_entry_3
Depths:3: hourglass_vault, layout_cave_pools, enter_ziggurat_d,
          pf_vacation_house_of_asmodeus, minmay_room_of_horrors,
          good_gods_temple_1, nrook_campfire, hangedman_decor_peaks_small
Depths:4: grunt_zot_entry_funnels, layout_honeycomb, hell_entry, abyss_entry
Hell
Dis:1:    layout_jigsaw, nicolae_hells_seeping_fissure
Geh:1:    layout_gehenna_pools_box, door_vault
Coc:1:    layout_ice_bergs
Coc:2:    layout_ice_bergs
Coc:3:    layout_ice_bergs
Coc:4:    layout_ice_bergs
Tar:1:    layout_grid_maze, nicolae_tar_cuneiform_not
Tar:2:    layout_grid_maze
Tar:3:    layout_honeycomb
Tar:4:    layout_grid_maze, nicolae_tar_honey_chapel
Tar:5:    layout_honeycomb
Tar:6:    layout_grid_maze
Tar:7:    tar_minmay_river
Zot:1:    nicolae_zot_stationary_front, layout_twisted_circle,
          hangedman_xom_zot_hilarity
Zot:2:    lemuel_acid_trip, layout_concentric_octagons
Zot:3:    layout_cathedral_of_symmetry, hangedman_zot_diagonal_lockstep
Zot:4:    layout_cathedral_of_symmetry, nicolae_transporter_intersection,
          uniq_parghit
Zot:5:    layout_misc_corridors, st_stairs_14, serial_nicolae_subway,
          nicolae_sub_station_crystal, nicolae_sub_station_metal,
          nicolae_sub_station_stone

Skill      XL: |  1  2  3  4  5  6  7  8  9 10 11 12 13 14 15 16 17 18 19 20 21 22 23 24 25 26 27 |
---------------+----------------------------------------------------------------------------------+-----
Axes           | 3 4 5 6 8 9 11 12 14 15 16 18 19 20 21 23 24 25 27 | 27.0
Fighting       | 4 5 6 8 10 11 13 15 16 17 18 19 20 21 23 24 26 27 | 27.0
Dodging        | 3 4 7 8 9 10 11 13 15 16 20 | 20.5
Armour         | 4 6 8 10 13 15 17 19 20 22 24 26 | 26.9
Shields        | 2 4 |  4.0
Invocations    | 11 27 | 27.0

Action                   |  1- 3 |  4- 6 |  7- 9 | 10-12 | 13-15 | 16-18 | 19-21 | 22-24 | 25-27 || total
-------------------------+-------+-------+-------+-------+-------+-------+-------+-------+-------++-------
Melee: Hand axe          |   145 |   148 |   198 |       |       |       |       |       |       ||   491
       Punch             |     1 |     1 |     5 |     4 |       |       |       |       |       ||    11
       War axe           |       |       |   172 |   266 |   750 |   650 |  1300 |    34 |       ||  3172
       Battleaxe         |       |       |       |   466 |       |       |       |       |       ||   466
       Executioner's axe |       |       |       |       |       |       |       |  1055 |  3694 ||  4749
       Broad axe         |       |       |       |       |       |       |       |    70 |       ||    70
Throw: Boomerang         |       |       |       |    13 |       |       |       |       |       ||    13
       Dart              |       |       |       |    10 |       |     5 |     5 |       |       ||    20
       Javelin           |       |       |       |       |       |       |    12 |       |       ||    12
Invok: Berserk           |     2 |     5 |    11 |     8 |     6 |     1 |     3 |       |       ||    36
       Trog's Hand       |       |       |       |       |     2 |     2 |     4 |     3 |     2 ||    13
       Brothers in Arms  |       |       |       |       |       |       |     1 |     2 |     1 ||     4
       Divine Shield     |       |       |       |       |       |       |       |       |     1 ||     1
       Brand Weapon With |       |       |       |       |       |       |       |       |     1 ||     1
       Vitalisation      |       |       |       |       |       |       |       |       |    12 ||    12
       Recite            |       |       |       |       |       |       |       |       |     8 ||     8
       Sanctuary         |       |       |       |       |       |       |       |       |     1 ||     1
Evoke: Wand              |       |       |     1 |     9 |       |       |       |       |     6 ||    16
       Condenser vane    |       |       |       |     1 |       |       |       |       |       ||     1
  Use: Scroll            |       |     8 |     3 |    13 |     5 |    10 |     5 |    18 |    16 ||    78
       Potion            |       |       |       |     1 |     3 |     1 |     2 |     1 |    12 ||    20
 Stab: Sleeping          |       |     2 |       |       |     2 |     7 |     2 |       |       ||    13
       Confused          |       |       |       |     2 |       |       |       |       |       ||     2
       Petrified         |       |       |       |       |     3 |       |       |       |       ||     3
       Distracted        |       |       |       |       |       |       |     1 |     1 |       ||     2
       Invisible         |       |       |       |       |       |       |       |       |    13 ||    13
Armor: Animal skin       |    36 |       |       |       |       |       |       |       |       ||    36
       Leather armour    |    44 |    58 |    11 |       |       |       |       |       |       ||   113
       Ring mail         |       |       |   152 |   120 |       |       |       |       |       ||   272
       Skin              |       |       |       |    12 |       |       |       |       |       ||    12
       Scale mail        |       |       |       |   273 |   245 |   279 |   576 |   351 |       ||  1724
       Gold dragon scale |       |       |       |       |       |       |       |   326 |  2460 ||  2786
Dodge: Dodged            |   102 |    80 |   201 |   422 |   270 |   353 |   556 |   575 |  2240 ||  4799
Block: Other             |       |    27 |    24 |       |       |       |       |   173 |   635 ||   859
       Reflection        |       |     2 |     1 |       |     8 |    57 |    81 |    23 |    24 ||   196
       Buckler           |       |       |       |    30 |   262 |   384 |   629 |    65 |       ||  1370
       Rpst.: War axe    |       |       |       |       |       |   141 |   261 |     6 |       ||   408
       Executioner's axe |       |       |       |       |       |       |       |   139 |   596 ||   735
       Broad axe         |       |       |       |       |       |       |       |    23 |       ||    23
